 Dungeon Crawl Stone Soup version 0.22.1-5-g62c59d919a (webtiles) character file.

332 Pixllover the Skirmisher (level 6, -5/55 HPs)
             Began as a Minotaur Berserker on Jan 12, 2019.
             Was a Priest of Trog.
             Splashed by an acid dragon's acid (14 damage)
             ... on level 4 of the Dungeon.
             The game lasted 00:08:51 (2566 turns).

Pixllover the Skirmisher (Minotaur Berserker)       Turns: 2566, Time: 00:08:51

Health: -5/55      AC: 11    Str: 24    XL:     6   Next: 26%
Magic:  0/5        EV: 12    Int:  4    God:    Trog [***...]
Gold:   334        SH:  0    Dex:  9    Spells: 5/5 levels left

rFire    . . .     SeeInvis .   p - +4 quarterstaff (chaos)
rCold    . . .     Gourm    .   (shield currently unavailable)
rNeg     . . .     Faith    .   m - +0 swamp dragon scales
rPois    +         Spirit   +   (helmet restricted)
rElec    .         Reflect  .   q - +1 cloak
rCorr    .         Harm     .   l - +0 pair of gloves
MR       .....                  (no boots)
Stlth    ..........             x - amulet of guardian spirit
HPRegen  0.18/turn              j - ring of wizardry
MPRegen  0.09/turn              (no ring)

@: no status effects
A: retaliatory headbutt, horns 2
a: Berserk, Trog's Hand, Renounce Religion


You were on level 4 of the Dungeon.
You worshipped Trog.
Trog was most pleased with you.
You were not hungry.

You visited 1 branch of the dungeon, and saw 4 of its levels.

You collected 334 gold pieces.

Inventory:

Hand Weapons
 a - a +0 hand axe
 i - a +1 short sword of venom
 p - a +4 quarterstaff of chaos (weapon)
 r - a +0 mace
 z - a +0 war axe
Armour
 h - a +0 ring mail
 l - a +0 pair of gloves (worn)
 m - +0 swamp dragon scales (worn)
 q - a +1 cloak (worn)
 v - a +0 scale mail
Jewellery
 j - a ring of wizardry (left hand)
 x - an amulet of guardian spirit (around neck)
Wands
 d - a wand of flame (34)
 t - a wand of clouds (11)
Scrolls
 b - a scroll of magic mapping
 g - 6 scrolls of identify {unknown}
 k - a scroll of amnesia {unknown}
 n - a scroll of teleportation
 s - a scroll of noise {unknown}
 y - a scroll of immolation {unknown}
Potions
 e - a potion of ambrosia {unknown}
 f - 2 potions of heal wounds {unknown}
 o - a potion of lignification {unknown}
 u - a potion of curing {unknown}
 w - a potion of berserk rage {unknown}
Comestibles
 c - 10 rations


   Skills:
 + Level 4.8 Fighting
 + Level 1.6 Short Blades
 + Level 4.5 Axes
 + Level 3.0 Staves
 + Level 4.7 Armour
 + Level 3.2 Dodging
 + Level 0.3 Stealth


You had 5 spell levels left.
You didn't know any spells.
Your spell library was empty.

Dungeon Overview and Level Annotations

Branches:
Dungeon (4/15)
 Temple: D:4-7

Altars:
Gozag


Innate Abilities, Weirdness & Mutations

You reflexively headbutt those who attack you in melee.
You have a pair of horns on your head.


Message History

The worm evaporates and reforms as an acid dragon!
The acid dragon completely misses you. The acid dragon claws you.
You barely miss the acid dragon. You headbutt the acid dragon!
The acid dragon is heavily wounded.
The acid dragon barely misses you. The acid dragon closely misses you.
You barely miss the acid dragon. Your headbutt misses the acid dragon.
The acid dragon is heavily wounded.
The acid dragon barely misses you. x2
You hit the acid dragon.
The acid dragon is severely wounded.
The acid dragon spits acid at you. The splash of acid hits you!
You are splashed with acid!
The acid burns!
You hit the acid dragon but do no damage.
The acid dragon is severely wounded.
The acid dragon closely misses you. The acid dragon claws you.
The acid dragon spits acid at you. The splash of acid hits you!
* * * LOW HITPOINT WARNING * * *
You are splashed with acid!
The acid burns!
You die...

#....# #....# #....#
#....# #....########
#....# #...........#
#....# ###...........#
###+## ###
..............# .# ....
#######.......######.#..#
#.......>..).^....#
#######...@.D.....#
#.........>.#
#........#..# #........#
.# ########## #


You could see an acid dragon.

Vanquished Creatures
  A phantom (D:4)
  A hound (D:4)
  Crazy Yiuf (D:2)
  2 orc wizards (D:3)
  5 adders
  An ooze (D:3)
  A worm (D:2)
  6 dart slugs
  A leopard gecko (D:1)
  3 orcs (D:3)
  A giant cockroach (D:4)
  8 hobgoblins
  2 jackals (D:4)
  4 quokkas
  3 ball pythons
  13 bats
  3 frilled lizards
  2 goblins
  6 kobolds
  7 rats
  A fungus (D:4)
72 creatures vanquished.

Notes
Turn   | Place    | Note
-------+----------+-------------------------------------------
     0 | D:1      | Pixllover the Minotaur Berserker began the quest for the
                  | Orb.
     0 | D:1      | Reached XP level 1. HP: 19/19 MP: 0/0
   211 | D:1      | Reached XP level 2. HP: 27/27 MP: 1/1
   773 | D:1      | Reached XP level 3. HP: 33/33 MP: 2/2
  1100 | D:2      | Reached ** piety under Trog
  1397 | D:2      | Found a runed door.
  1401 | D:2      | Noticed Crazy Yiuf
  1407 | D:2      | Killed Crazy Yiuf
  1407 | D:2      | Reached XP level 4. HP: 36/41 MP: 3/3
  1559 | D:3      | Found an opulent altar of Gozag.
  1789 | D:3      | Reached skill level 1 in Short Blades
  1871 | D:3      | Reached skill level 1 in Staves
  1871 | D:3      | Reached XP level 5. HP: 47/47 MP: 4/4
  2178 | D:4      | Noticed a phantom
  2200 | D:4      | Killed a phantom
  2200 | D:4      | Reached XP level 6. HP: 52/55 MP: 3/5
  2375 | D:4      | Found a transporter.
  2398 | D:4      | Found a transporter.
  2551 | D:4      | Reached *** piety under Trog
  2559 | D:4      | Noticed an acid dragon
  2559 | D:4      | a worm changed into an acid dragon
  2566 | D:4      | Splashed by an acid dragon's acid

Skill      XL: |  1  2  3  4  5  6 |
---------------+-------------------+-----
Armour         | 3 4 |  4.7
Fighting       | 4 |  4.8
Axes           | 4 |  4.5
Short Blades   | 1 |  1.6
Staves         | 1 2 3 |  3.0
Dodging        | 3 |  3.2
Stealth        | |  0.3

Action                   |  1- 3 |  4- 6 || total
-------------------------+-------+-------++-------
Melee: Hand axe          |    11 |       ||    11
       Headbutt          |    11 |    15 ||    26
       Short sword       |    63 |       ||    63
       Quarterstaff      |       |    76 ||    76
  Use: Scroll            |     3 |       ||     3
  Eat: Chunk             |     2 |     3 ||     5
Armor: Animal skin       |     4 |       ||     4
       Swamp dragon scal |    40 |    42 ||    82
       Ring mail         |     5 |       ||     5
Dodge: Dodged            |    67 |    75 ||   142
